 Dungeon Crawl Stone Soup version 0.30-a0-852-g08b95dd62f (webtiles) character file.

Game seed: 9330861689695281788

174 cforsyth the Caller (level 5, -4/28 HPs)
             Began as a Deep Elf Summoner on Mar 4, 2023.
             Killed from afar by Sigmund (11 damage)
             ... with a bolt of light
             ... on level 3 of the Dungeon.
             The game lasted 00:04:55 (2997 turns).

cforsyth the Caller (Deep Elf Summoner)             Turns: 2997, Time: 00:04:56

Health: -4/28      AC:  3    Str:  5    XL:     5   Next: 28%
Magic:  7/14       EV: 12    Int: 22    God:
Gold:   77         SH:  0    Dex: 15    Spells: 1/14 levels left

rFire   . . .      SeeInvis .    (no weapon)
rCold   . . .      Faith    .    (no shield)
rNeg    . . .      Spirit   .    a - +0 robe
rPois   .          Reflect  .    (no helmet)
rElec   .          Rampage  .    i - +0 cloak
rCorr   .                        (no gloves)
Will    .....                    (no boots)
Stlth   +                        (no amulet)
HPRegen 0.24/turn                (no ring)
MPRegen 0.14/turn                (no ring)

@: confused
A: no striking features
a: no special abilities


You were on level 3 of the Dungeon.
You visited 1 branch of the dungeon, and saw 3 of its levels.

You collected 77 gold pieces.

Inventory:

Armour
 a - a +0 robe (worn)
 i - a +0 cloak (worn)
Jewellery
 e - a ring of protection from fire
 l - a ring of protection from cold
Wands
 q - a wand of flame (21)
Scrolls
 c - 5 scrolls of teleportation {unknown}
 d - 2 scrolls of fog {unknown}
 h - a scroll of blinking {unknown}
 k - 2 scrolls of poison {unknown}
 m - a scroll of noise {unknown}
 n - 5 scrolls of identify {unknown}
 o - a scroll of enchant armour {unknown}
 r - a scroll of magic mapping {unknown}
Potions
 b - a potion of magic
 f - a potion of degeneration {unknown}
 g - a potion of curing {unknown}
 j - 2 potions of heal wounds {unknown}
 p - a potion of flight {unknown}


   Skills:
 - Level 2.4 Dodging
 - Level 2.4 Stealth
 + Level 5.4 Spellcasting
 + Level 1.8 Hexes
 + Level 5.8 Summonings
 + Level 0.3 Air Magic


You had one spell level left.
You knew the following spells:

 Your Spells              Type           Power      Damage    Failure   Level
a - Summon Small Mammal   Summ           100%       N/A       1%          1
b - Call Imp              Summ           31%        N/A       1%          2
c - Call Canine Familiar  Summ           31%        N/A       2%          3
d - Summon Guardian Gole  Hex/Summ       22%        N/A       6%          3
e - Summon Lightning Spi  Summ/Air       19%        N/A       26%         4

Your spell library contained the following spells:

 Spells                   Type           Power      Damage    Failure   Level
 Olgreb's Toxic Radiance  Pois           5%         N/A       67%         4
 Ozocubu's Refrigeration  Ice            2%         4d8       100%        7
 Ignition                 Fire           2%         3d3       100%        8


Dungeon Overview and Level Annotations

Branches:
Dungeon (3/15)

Altars:

Annotations:
D:3 Sigmund


Message History

The spell is quite dangerous to miscast (6% risk of failure)!
Continue anyway?
A guardian golem appears, shielding your allies.
Sigmund is nearby!
What are your orders? t - Shout!
Orders for allies: a - Attack new target. r - Retreat! s - Stop attacking. g - Guard the area. f - Follow me.
Anything else - Cancel.
Gang up on whom?
Press: ? - help, Dir - move target, f - Sigmund
Aim: Sigmund, wielding a +0 scythe, wearing a +0 robe and carrying a wand of light (5) (asleep, ally target) Attack!
Sigmund shouts!
Sigmund hits your guardian golem but does no damage.
Sigmund hits your guardian golem but does no damage.
Sigmund zaps a wand.
The bolt of light hits your guardian golem but does no damage.
Your guardian golem is blinded.
The bolt of light hits you!
You are confused.
You feel less confused.
Sigmund points at you and mumbles some strange words.
The magic dart hits your guardian golem but does no damage.
Casting: Summon Guardian Golem (quite dangerous; 6% risk of failure)
Confirm with . or Enter, or press ? or * to list all spells.
Sigmund zaps a wand.
The bolt of light hits your guardian golem.
The bolt of light hits you!
* * * LOW HITPOINT WARNING * * *
The bolt of light hits your hound!!
Your hound dies!
Your hound's corpse disappears in a puff of smoke!
Casting: Call Canine Familiar (dangerous; 2% risk of failure)
Confirm with . or Enter, or press ? or * to list all spells.
Sigmund zaps a wand.
The bolt of light hits your guardian golem.
The bolt of light hits you!
You are confused.
You die...

<....#.#######.#.#
.#.#.#.#....<#.#.#
.#.#.#.#.###.#†#.#
##.#.#.#.#####.#.#
...#...#.......#@#
################.#
...............#.#
##############.#9#
###.#@# #...#h#
#.###.# #.# #.#
#.# #.# #.# #.#
#.# #.# #.# #.#
#.# #.#


You could see Sigmund (ally target), a friendly guardian golem (summoned, blind)
and a friendly hound (summoned).

Vanquished Creatures
  A quokka (D:1)
1 creature vanquished.

Vanquished Creatures (collateral kills)
  Jessica (D:3)
  5 adders
  3 gnolls
  3 worms (D:3)
  4 bats
  7 endoplasms
  4 goblins
  5 hobgoblins
  14 jackals
  4 kobolds
  3 quokkas
  A ball python (D:3)
  5 frilled lizards
  3 rats
62 creatures vanquished.

Grand Total: 63 creatures vanquished

Notes
Turn   | Place    | Note
-------+----------+-------------------------------------------
     0 | D:1      | cforsyth the Deep Elf Summoner began the quest for the Orb.
     0 | D:1      | Reached XP level 1. HP: 10/10 MP: 6/6
   320 | D:1      | Reached XP level 2. HP: 10/15 MP: 4/8
   359 | D:1      | Learned a level 2 spell: Call Imp
  1031 | D:2      | Reached skill level 5 in Summonings
  1031 | D:2      | Reached XP level 3. HP: 11/19 MP: 4/10
  1150 | D:2      | Learned a level 3 spell: Call Canine Familiar
  1413 | D:2      | Found a faded altar of an unknown god.
  1524 | D:2      | Reached XP level 4. HP: 24/24 MP: 7/12
  2212 | D:2      | Learned a level 3 spell: Summon Guardian Golem
  2225 | D:2      | Reached skill level 5 in Spellcasting
  2448 | D:3      | Reached skill level 1 in Hexes
  2586 | D:3      | Noticed Jessica
  2590 | D:3      | Killed Jessica
  2591 | D:3      | Reached XP level 5. HP: 26/28 MP: 8/14
  2596 | D:3      | Learned a level 4 spell: Summon Lightning Spire
  2978 | D:3      | Noticed Sigmund
  2997 | D:3      | Killed from afar by Sigmund

Illustrated notes

Levels and vault maps discovered:
D:1:      dpeg_arrival_tiny_g, layout_basic
D:2:      layout_loops_cross, hellmonk_ecumenical_altar_zigzags, minmay_cut_off
D:3:      layout_basic, uniq_jessica, uniq_sigmund

Skill      XL: |  1  2  3  4 |
---------------+-------------+-----
Spellcasting   | 4 5 |  5.4
Summonings     | 5 |  5.8
Hexes          | 1 |  1.8
Dodging        | |  2.4
Stealth        | |  2.4
Air Magic      | |  0.3

Action                     |  1- 3 |  4- 6 || total
---------------------------+-------+-------++-------
  Melee: Unarmed           |    27 |     3 ||    30
   Cast: Summon Small Mamm |    29 |    16 ||    45
         Call Imp          |    11 |     4 ||    15
         Call Canine Famil |     3 |    12 ||    15
         Summon Guardian G |       |     1 ||     1
 Armour: Robe              |    11 |    18 ||    29
  Dodge: Dodged            |    52 |    32 ||    84

Table legend: (Time is in decaauts)
 A = Elapsed time spent in this place.
 B = Non-inter-level travel time spent in this place.
 C = Inter-level travel time spent in this place.
 D = Time resting spent in this place.
 E = Time spent auto-exploring this place.
 F = Levels seen in this place.
 G = Mean time per level.
                   A        B        C        D        E       F      G
               +--------+--------+--------+--------+--------+-----+--------+
         Total |   2998 |   2929 |     69 |    360 |   1979 |   3 |  999.3 |
       Dungeon |   2998 |   2929 |     69 |    360 |   1979 |   3 |  999.3 |
               +--------+--------+--------+--------+--------+-----+--------+

Top non-repeatable levels by time:
     D:2: 1386 daAuts
     D:1: 920 daAuts
     D:3: 692 daAuts
